cohdb
Replays
Latest Replays
All Replays
Popular Replays
Top Player Replays
Match Explorer
How It Works
Community
CoH3 Stats
Reddit
Sign in to upload your games and track your stats! →
Sign in with Steam
Match 38654847
Unlisted
Match 38654847
Overview
Messages
Build Orders
End
Panzergrenadier Squad
Selects Italian Infantry
Panzergrenadier Squad
Construct Light Support Kompanie
MG34 Team
2.5-tonne Medical Truck
Construct Mechanized Kompanie
Assault Mechanized Group
Combat Half-tracks
Selects Guastatori Squad
Construct Panzerarmee Kommand
Armored Reserves
Guastatori Squad
Selects Registered Artillery
Selects Defensive Operations
Tiger Heavy Tank
Registered Artillery
Selects Prepared Positions
Emergency Repair Kits
Construct Light Support Kompanie
Panzerpioneer Squad
Construct Mechanized Kompanie
KommandoSweat
只愛❤毛妹
0
0
Comments
sign in to comment!
No comments posted yet!